 Dungeon Crawl Stone Soup version bcrawl-1.17.3 (webtiles) character file.

Game seed: 3757625375310520175

168 Lanoc the Slasher (level 5, -6/32 HPs)
             Began as a Vine Stalker Reaver on Oct 23, 2019.
             Was a Believer of Vehumet.
             Mangled by an ice beast (7 damage)
             ... on level 5 of the Dungeon.
             The game lasted 00:03:01 (1286 turns).

Lanoc the Slasher (Vine Stalker Reaver)             Turns: 1286, Time: 00:03:02

Health: -6/32      AC:  5    Str: 13    XL:     5   Next: 49%
Magic:  18/18      EV: 14    Int: 14    God:    Vehumet [**....]
Gold:   178        SH:  1    Dex: 14    Spells: 6/8 levels left

rFire    . . .     SeeInvis .   a - +0 long sword
rCold    + . .     Gourm    .   (no shield)
rNeg     . . .     Faith    .   b - +0 steam dragon scales
rPois    .         Spirit   .   (no helmet)
rElec    .         Reflect  .   (no cloak)
rCorr    .         Harm     .   (no gloves)
MR       .....                  (no boots)
Stlth    +.........             (no amulet)
HPRegen  0.50/turn              s - ring of protection from cold
MPRegen  0.16/turn              r - ring of magical power

@: no status effects
A: fangs 2, regeneration 1, no potion heal 3, rot immunity, strong jaws
a: Renounce Religion


You were on level 5 of the Dungeon.
You worshipped Vehumet.
Vehumet was pleased with you.
You were near starving.

You visited 1 branch of the dungeon, and saw 5 of its levels.

You collected 178 gold pieces.

Inventory:

Hand Weapons
 a - a +0 long sword (weapon)
Armour
 b - +0 steam dragon scales (worn)
Jewellery
 e - an uncursed ring of protection from fire
 r - a ring of magical power (right hand)
 s - a ring of protection from cold (left hand)
Scrolls
 d - a scroll of immolation
 i - a scroll of amnesia {unknown}
 l - 2 scrolls of identify {unknown}
 n - a scroll of remove curse {unknown}
 o - 2 scrolls of teleportation {unknown}
Potions
 c - a potion of haste
 g - 2 potions of agility {unknown}
 h - 4 potions of lignification {unknown}
 j - a potion of heal wounds {unknown}
 k - a potion of berserk rage {unknown}
 m - a potion of mutation {unknown}
 p - a potion of magic {unknown}
 q - a potion of flight {unknown}
Comestibles
 f - 6 rations {!d}


   Skills:
 + Level 3.5 Fighting
 * Level 4.3 Long Blades
 + Level 3.9 Dodging
 - Level 2.1 Spellcasting


You had 6 spell levels left.
You knew the following spells:

 Your Spells              Type           Power        Failure   Level  Hunger
a - Flame Tongue          Conj/Fire      #....        24%         1    #......
b - Magic Dart            Conj           #...         24%         1    #......

Your spell library contained the following spells:

 Spells                   Type           Power        Failure   Level  Hunger
 Iskenderun's Battlesphe  Conj/Chrm      #.......     100%        5    ######.


Dungeon Overview and Level Annotations

Branches:
Dungeon (5/12)
 Temple: D:4-7

Altars:


Innate Abilities, Weirdness & Mutations

You have extremely sharp teeth.
Your natural rate of healing is unusually fast.
Potions cannot restore your health.
You are immune to rotting.
Your bites deal extra damage.


Message History

The ice beast freezes you. You resist.
* * * LOW HITPOINT WARNING * * *
You closely miss the ice beast.
The ice beast is almost dead.
The hound bites you but does no damage. The ice beast closely misses you.
The hound bites you but does no damage.
A crimson imp comes into view.
You closely miss the ice beast.
The ice beast is almost dead.
The hound closely misses you. The ice beast hits you.
* * * LOW HITPOINT WARNING * * *
The ice beast freezes you. You resist.
* * * LOW HITPOINT WARNING * * *
The crimson imp blinks!
The hound closely misses you.
You closely miss the ice beast. Your bite misses the ice beast.
The ice beast is almost dead.
The ice beast hits you.
* * * LOW HITPOINT WARNING * * *
The ice beast freezes you! You resist.
You die...

. ...%... [
....... .##
....... ..
.......
#.......(.
#.#....... .#
#.Y.5..... ♣..
#.@<......
♣.♣..#.h.#.####
♣...#.....#
♣.....#.#
♣.♣#.#†#######
..♣.§..........
.♣..####..#####.
♣.♣.......# .#
.♣...###..# #.#


You could see an ice beast, a hound and a crimson imp.

Vanquished Creatures
  A crimson imp (D:4)
  An orc wizard (D:3)
  A worker ant (D:4)
  An adder (D:2)
  An ooze (D:1)
  2 dart slugs
  A worm (D:5)
  3 leopard geckos
  2 orcs (D:3)
  A ball python (D:1)
  6 giant cockroaches
  3 goblins (D:1)
  7 hobgoblins
  5 kobolds
  2 quokkas (D:2)
  8 bats
  A jackal skeleton (D:4)
  8 rats
54 creatures vanquished.

Notes
Turn   | Place    | Note
-------+----------+-------------------------------------------
     0 | D:1      | Lanoc the Vine Stalker Reaver began the quest for the Orb.
     0 | D:1      | Reached XP level 1. HP: 13/13 MP: 4/4
    63 | D:1      | Reached skill level 3 in Long Blades
    63 | D:1      | Reached XP level 2. HP: 18/18 MP: 6/6
   278 | D:1      | Reached XP level 3. HP: 22/23 MP: 7/7
   284 | D:1      | Reached * piety under Vehumet
   284 | D:1      | Offered knowledge of Flame Tongue by Vehumet.
   305 | D:1      | Learned a level 1 spell: Flame Tongue
   549 | D:2      | Reached XP level 4. HP: 26/28 MP: 8/8
   740 | D:3      | Reached ** piety under Vehumet
   740 | D:3      | Offered knowledge of Magic Dart by Vehumet.
   754 | D:3      | Learned a level 1 spell: Magic Dart
   943 | D:4      | Reached skill level 4 in Long Blades
   943 | D:4      | Reached XP level 5. HP: 32/32 MP: 9/9
  1109 | D:5      | Entered Level 5 of the Dungeon
  1271 | D:5      | Noticed an ogre
  1272 | D:5      | Noticed an ice beast
  1286 | D:5      | HP: 1/32 [ice beast (1)]
  1286 | D:5      | Mangled by an ice beast

Skill      XL: |  1  2  3  4 |
---------------+-------------+-----
Long Blades    | 3 4 |  4.3
Fighting       | 3 |  3.5
Dodging        | |  3.9
Spellcasting   | |  2.1

Action                   |  1- 3 |  4- 6 || total
-------------------------+-------+-------++-------
Melee: Long sword        |   125 |   107 ||   232
       Bite              |    12 |     8 ||    20
 Stab: Sleeping          |     1 |     1 ||     2
Armor: Steam dragon scal |    64 |    32 ||    96
Dodge: Dodged            |   185 |    78 ||   263
Block: Other             |     3 |     1 ||     4
